[Event "International chess holiday K11"]
[Site "Praha"]
[Date "2013.07.18"]
[Round "7"]
[White "Plesník, Miroslav"]
[Black "Kasparova , Ta�iana"]
[Result "1/2-1/2"]
[ECO "B14"]
[WhiteElo "1901"]
[BlackElo "2133"]
[Annotator "Koller,Martin"]
[PlyCount "35"]
[TimeControl "240+2"]

1. d4 Nf6 2. c4 c5 3. e3 cxd4 4. exd4 d5 5. Nc3 g6 6. g3 dxc4 7. Bg2
Bg7 8. Qa4+ Nbd7 9. Qxc4 O-O 10. Nf3 Nb6 11. Qb3 Be6 12. Qd1 Qc8 13. O-O Bh3
14. Qb3 Bxg2 15. Kxg2 Qc6 16. Bg5 Rac8 17. Rac1 e6 18. Rfe1 1/2-1/2

[Event "International chess holiday K11"]
[Site "Praha"]
[Date "2013.07.18"]
[Round "7"]
[White "Èisárik, Pavol"]
[Black "Korth, Manfred Dr."]
[Result "0-1"]
[ECO "B07"]
[WhiteElo "1777"]
[BlackElo "1867"]
[Annotator "Koller,Martin"]
[PlyCount "98"]
[TimeControl "240+2"]

1. e4 d6 2. d4 Nf6 3. Nc3 c6 4. f4 Qa5 5. Bd3 e5 6. fxe5 dxe5 7. dxe5
Ng4 8. Nf3 Nxe5 9. Nxe5 Qxe5 10. O-O Bd6 11. Bf4 Qc5+ 12. Kh1 Bxf4 13. Rxf4 O-O
14. Qe2 Be6 15. e5 Nd7 16. Re1 Kh8 17. Qh5 g6 18. Qh6 Rg8 19. Qh4 Rg7 20. Qf2
Qxf2 21. Rxf2 Rgg8 22. h3 Kg7 23. Rf4 Rge8 24. Rd4 Rad8 25. a3 Nc5 26. Rxd8
Rxd8 27. Re3 Kf8 28. Kg1 Ke7 29. Kf2 b5 30. Ke2 a6 31. Be4 Bc4+ 32. Bd3 Bd5 33.
Kf2 Ke6 34. Ne2 Ke7 35. h4 h5 36. Nf4 Ne6 37. g3 c5 38. Be4 Nxf4 39. gxf4 Bxe4
40. Rxe4 Rd2+ 41. Re2 Rxe2+ 42. Kxe2 Ke6 43. b3 Kf5 44. Kf3 b4 45. axb4 cxb4
46. Ke3 Kg4 47. Ke4 Kxh4 48. f5 Kg5 49. e6 fxe6 0-1

[Event "International chess holiday K11"]
[Site "Praha"]
[Date "2013.07.18"]
[Round "7"]
[White "Vítek, Jan"]
[Black "Litfin, Boris"]
[Result "1/2-1/2"]
[ECO "A03"]
[WhiteElo "1824"]
[BlackElo "1937"]
[Annotator "Koller,Martin"]
[PlyCount "84"]
[TimeControl "240+2"]

1. f4 e6 2. Nf3 d5 3. e3 Nf6 4. Be2 c5 5. b3 Nc6 6. Bb2 Be7 7. O-O O-O
8. Ne5 Qc7 9. Nxc6 bxc6 10. c4 Rd8 11. d4 cxd4 12. exd4 c5 13. Qc2 cxd4 14.
Bxd4 dxc4 15. Bf2 Bb7 16. Qxc4 Qd6 17. Nc3 Rac8 18. Nb5 Qd7 19. Rad1 Nd5 20.
Qd3 a6 21. Nd4 Nxf4 22. Qd2 Nxe2+ 23. Qxe2 Bc5 24. Nf3 Bxf2+ 25. Kxf2 Qc7 26.
Rxd8+ Rxd8 27. Kg1 Rd5 28. Rd1 Rxd1+ 29. Qxd1 h6 30. Qe2 Qa5 31. h3 Bc6 32. Kh2
Qc7+ 33. Kg1 Qa5 34. Kh2 Bd5 35. Qc2 Bxf3 36. gxf3 Qe5+ 37. Kg2 a5 38. Qc4 Kh7
39. Qc2+ g6 40. a3 h5 41. Qd2 h4 42. Qf2 g5 1/2-1/2

[Event "International chess holiday K11"]
[Site "Praha"]
[Date "2013.07.18"]
[Round "7"]
[White "Schunke, Oliver"]
[Black "Pokorný, Jan"]
[Result "1-0"]
[ECO "B07"]
[WhiteElo "1878"]
[BlackElo "1893"]
[Annotator "Koller,Martin"]
[PlyCount "32"]
[TimeControl "240+2"]

1. Nc3 Nf6 2. e4 d6 3. d4 g6 4. f3 c6 5. Be3 Qc7 6. Qd2 Bg7 7. g4 b5 8.
Bd3 Bd7 9. Nge2 b4 10. Nd1 a6 11. a3 c5 12. b3 Nc6 13. axb4 Nxb4 14. Ndc3 Nxd3+
15. Qxd3 O-O 16. neèitelné 1-0

[Event "International chess holiday K11"]
[Site "Praha"]
[Date "2013.07.18"]
[Round "8"]
[White "Kasparova, Ta�iana"]
[Black "Vítek, Jan"]
[Result "1-0"]
[ECO "B00"]
[WhiteElo "2133"]
[BlackElo "1824"]
[Annotator "Koller,Martin"]
[PlyCount "47"]
[TimeControl "240+2"]

1. e4 b6 2. d4 Bb7 3. Nc3 e6 4. Bd3 Nf6 5. Nge2 c5 6. O-O Be7 7. dxc5
Bxc5 8. Ng3 Nc6 9. a3 O-O 10. Kh1 d5 11. exd5 Nxd5 12. Nce4 Be7 13. Qh5 f5 14.
Ng5 Bxg5 15. Bxg5 Nf6 16. Qe2 Nd4 17. Qd2 Qd5 18. f3 f4 19. Bxf4 Nh5 20. Be4
Nxf3 21. Bxd5 Nxd2 22. Bxe6+ Kh8 23. Bxd2 Nxg3+ 24. hxg3 1-0

[Event "International chess holiday K11"]
[Site "Praha"]
[Date "2013.07.18"]
[Round "8"]
[White "Trebbin, Wolfhard Dr."]
[Black "Plesník, Miroslav"]
[Result "1/2-1/2"]
[ECO "E17"]
[WhiteElo "1968"]
[BlackElo "1901"]
[Annotator "Koller,Martin"]
[PlyCount "82"]
[TimeControl "240+2"]

1. d4 d5 2. Nf3 Nf6 3. g3 e6 4. Bg2 Be7 5. O-O O-O 6. Nbd2 b6 7. c4 Bb7
8. b3 Nbd7 9. Bb2 c5 10. cxd5 Bxd5 11. e3 cxd4 12. Nxd4 Rc8 13. Rc1 Bxg2 14.
Kxg2 Nc5 15. Qe2 Qd5+ 16. Kg1 Rfd8 17. Rfd1 Qb7 18. N2f3 Qe4 19. Nb5 a6 20. Nc3
Qg4 21. Kg2 Nfe4 22. Nxe4 Qxe4 23. Rc4 Qb7 24. Kg1 Rxd1+ 25. Qxd1 Rd8 26. Rd4
Rxd4 27. Nxd4 Qd5 28. Qc2 h6 29. f3 Bf6 30. Kg2 Qd7 31. b4 Na4 32. Ba1 b5 33.
Nb3 Be7 34. a3 Nb6 35. Na5 Bd8 36. Kf2 Nd5 37. Nb3 Bb6 38. Bd4 Qa7 39. Qb2 f6
40. Bxb6 Qxb6 41. Qd4 Qxd4 1/2-1/2

[Event "International chess holiday K11"]
[Site "Praha"]
[Date "2013.07.18"]
[Round "8"]
[White "Litfin, Boris"]
[Black "Èisárik, Pavol"]
[Result "1-0"]
[ECO "C45"]
[WhiteElo "1937"]
[BlackElo "1777"]
[Annotator "Koller,Martin"]
[PlyCount "71"]
[TimeControl "240+2"]

1. e4 e5 2. Nf3 Nc6 3. d4 exd4 4. Nxd4 Nf6 5. Nxc6 bxc6 6. e5 Qe7 7.
Qe2 Nd5 8. c4 Ba6 9. b3 g6 10. g3 Bg7 11. Bb2 O-O 12. Bg2 f6 13. e6 dxe6 14.
O-O Rfe8 15. Re1 Rab8 16. Qd2 Nb4 17. Bc3 f5 18. Bxg7 Qxg7 19. Na3 e5 20. Nc2
Nxc2 21. Qxc2 e4 22. Qd2 Qe5 23. Rad1 Re6 24. Qe3 Rb6 25. Rd8+ Re8 26. Red1
Rxd8 27. Rxd8+ Kg7 28. Rd7+ Kf6 29. Qh6 Qa1+ 30. Bf1 Ke6 31. Qxh7 Qf6 32. c5
Bxf1 33. Kxf1 e3 34. cxb6 exf2 35. Qe7+ Qxe7 36. Rxe7+ 1-0

[Event "International chess holiday K11"]
[Site "Praha"]
[Date "2013.07.18"]
[Round "8"]
[White "Pokorný, Jan"]
[Black "Korth, Manfred Dr."]
[Result "0-1"]
[ECO "A41"]
[WhiteElo "1893"]
[BlackElo "1887"]
[Annotator "Koller,Martin"]
[PlyCount "32"]
[TimeControl "240+2"]

1. d4 d6 2. c4 e5 3. dxe5 dxe5 4. Qxd8+ Kxd8 5. Nf3 f6 6. a3 Be6 7. e3
a5 8. Be2 Nd7 9. O-O c6 10. Nbd2 a4 11. Ne4 Nb6 12. Nfd2 Nh6 13. f4 Nf7 14. f5
Bd7 15. b3 axb3 16. Nxb3 neèitelné 0-1

[Event "International chess holiday K11"]
[Site "Praha"]
[Date "2013.07.19"]
[Round "9"]
[White "Vítek, Jan"]
[Black "Trebbin, Wolfhard Dr."]
[Result "1/2-1/2"]
[ECO "A03"]
[WhiteElo "1824"]
[BlackElo "1968"]
[Annotator "Koller,Martin"]
[PlyCount "31"]
[TimeControl "240+2"]

1. f4 d5 2. Nf3 Nf6 3. e3 g6 4. b3 Bg7 5. Bb2 O-O 6. Be2 c5 7. Ne5 Nbd7
8. d4 cxd4 9. exd4 Ne4 10. O-O Ndf6 11. Nd2 Nxd2 12. Qxd2 Ne4 13. Qe3 Nd6 14.
g4 Qb6 15. Bf3 e6 16. Ba3 1/2-1/2

[Event "International chess holiday K11"]
[Site "Praha"]
[Date "2013.07.19"]
[Round "9"]
[White "Èisárik, Pavol"]
[Black "Kasparova, Ta�iana"]
[Result "0-1"]
[ECO "B12"]
[WhiteElo "1777"]
[BlackElo "2133"]
[Annotator "Koller,Martin"]
[PlyCount "70"]
[TimeControl "240+2"]

1. e4 c6 2. d4 d5 3. e5 Bf5 4. Nc3 a6 5. g4 Bd7 6. Be3 e6 7. Bd3 c5 8.
dxc5 Nc6 9. Nf3 Qc7 10. O-O Nxe5 11. b4 Nxd3 12. Qxd3 Nf6 13. Qd4 Be7 14. Bf4
Qd8 15. Be5 O-O 16. Rfe1 Ne8 17. Bg3 Nc7 18. a4 Rc8 19. Rad1 a5 20. b5 Bxc5 21.
Qxc5 Nxb5 22. Qxc8 Qxc8 23. Nxb5 Qxc2 24. Ra1 f6 25. Nfd4 Qg6 26. Nxe6 Bxe6 27.
Rxe6 Qxg4 28. Rd6 f5 29. Rxd5 f4 30. Rd4 Qg6 31. Rd6 Qh5 32. Bxf4 Rxf4 33. Rd8+
Rf8 34. Rad1 Qg4+ 35. Kf1 Qxa4 0-1

[Event "International chess holiday K11"]
[Site "Praha"]
[Date "2013.07.19"]
[Round "9"]
[White "Korth, Manfred Dr."]
[Black "Litfin, Boris"]
[Result "1/2-1/2"]
[ECO "A21"]
[WhiteElo "1887"]
[BlackElo "1937"]
[Annotator "Koller,Martin"]
[PlyCount "63"]
[TimeControl "240+2"]

1. Nf3 d6 2. g3 e5 3. d3 f5 4. Bg2 Nf6 5. c4 Be7 6. Nc3 O-O 7. e3 Qe8
8. O-O Nc6 9. Bd2 Kh8 10. Nd5 Bd8 11. b4 e4 12. dxe4 fxe4 13. Nd4 Nxd4 14. exd4
Nxd5 15. cxd5 Bf6 16. Be3 Bf5 17. Rc1 Qe7 18. Qb3 Qd7 19. Rc3 Rf7 20. Rfc1 Rc8
21. a4 Bg6 22. b5 Rff8 23. Qc2 Qf5 24. Qb3 Bd8 25. Bf1 Bh5 26. a5 Bf7 27. Bc4
Bg5 28. Qa2 Bh5 29. Bf1 Bf7 30. Bc4 Bh5 31. Bf1 Bf7 32. Bc4 1/2-1/2

[Event "International chess holiday M21"]
[Site "Praha"]
[Date "2013.07.21"]
[Round "1"]
[White "Nilsson, Patrik"]
[Black "Gregor , Jiøí"]
[Result "1-0"]
[ECO "B80"]
[WhiteElo "2192"]
[BlackElo "2277"]
[Annotator "Koller,Martin"]
[PlyCount "103"]
[TimeControl "240+2"]

1. e4 c5 2. Nf3 d6 3. d4 cxd4 4. Nxd4 Nf6 5. Nc3 a6 6. Be3 e6 7. f3 Qc7
8. Qd2 Be7 9. O-O-O Nbd7 10. g4 Ne5 11. g5 Nfd7 12. f4 Nc4 13. Bxc4 Qxc4 14. f5
Ne5 15. Bf4 Qc7 16. g6 hxg6 17. fxe6 fxe6 18. Qg2 Bf6 19. Nf3 Nxf3 20. Qxf3 O-O
21. Qg3 e5 22. Be3 Be6 23. Qxg6 Rac8 24. Rhg1 b5 25. Rg2 b4 26. Nd5 Bxd5 27.
Rxd5 Rf7 28. Kb1 a5 29. Qg4 Be7 30. Bc1 a4 31. Rd3 Bf8 32. Rh3 Rf6 33. Qh5 Qc4
34. Qh7+ Kf7 35. Rhg3 Ke8 36. Rd3 Rc7 37. Qh5+ Qf7 38. Qh3 Rf1 39. Rgd2 Be7 40.
Rd1 Rf2 41. R3d2 Rf3 42. Qg2 b3 43. c3 bxa2+ 44. Ka1 a3 45. bxa3 Rcxc3 46. Bb2
Rce3 47. Rc2 Qe6 48. Qxg7 Rxe4 49. Rdc1 Ref4 50. Rc8+ Bd8 51. Qh8+ Rf8 52. Qh5+
1-0

[Event "International chess holiday M21"]
[Site "Praha"]
[Date "2013.07.21"]
[Round "1"]
[White "Knoflíèek, Ctibor"]
[Black "Michálek, František"]
[Result "1-0"]
[ECO "A17"]
[WhiteElo "2170"]
[BlackElo "2072"]
[Annotator "Koller,Martin"]
[PlyCount "59"]
[TimeControl "240+2"]

1. Nf3 Nf6 2. c4 e6 3. g3 b6 4. Bg2 Bb7 5. O-O Be7 6. Nc3 O-O 7. Re1 d5
8. cxd5 Nxd5 9. e4 Nxc3 10. bxc3 Qd3 11. Ne5 Qd8 12. d4 Nd7 13. Nc4 c5 14. Bf4
cxd4 15. cxd4 Nf6 16. Qb3 Rc8 17. Rad1 Ba6 18. Ne5 b5 19. d5 exd5 20. exd5 Bc5
21. Nc6 Qd7 22. Rc1 Bd6 23. Bg5 Qf5 24. Bf4 Qd7 25. Bxd6 Qxd6 26. Nxa7 Rxc1 27.
Rxc1 Ng4 28. h3 Qb6 29. hxg4 Qxa7 30. Qa3 1-0

[Event "International chess holiday M21"]
[Site "Praha"]
[Date "2013.07.21"]
[Round "1"]
[White "Bílek, Roman"]
[Black "Janáèek, Jaroslav"]
[Result "1-0"]
[ECO "B08"]
[WhiteElo "1958"]
[BlackElo "2042"]
[Annotator "Koller,Martin"]
[PlyCount "83"]
[TimeControl "240+2"]

1. e4 d6 2. d4 Nf6 3. Nc3 g6 4. Nf3 Bg7 5. Be2 O-O 6. O-O Bg4 7. Be3
Nc6 8. h3 Bxf3 9. Bxf3 e5 10. d5 Ne7 11. Qd2 Kh8 12. Bh6 Bxh6 13. Qxh6 Nfg8 14.
Qh4 f5 15. Be2 f4 16. Rfd1 Nf6 17. f3 Nh5 18. Qf2 g5 19. Nb5 a6 20. Na3 Ng3 21.
c4 b6 22. Rac1 Rf6 23. Nb1 a5 24. Nc3 Qd7 25. Rd2 Rh6 26. b3 Rh4 27. Bf1 Ng8
28. Ne2 Nxe2+ 29. Rxe2 Nf6 30. a3 Nh5 31. b4 Ng3 32. Rec2 axb4 33. axb4 h5 34.
c5 bxc5 35. bxc5 g4 36. cxd6 gxh3 37. gxh3 Rg8 38. dxc7 Ne2+ 39. Kh2 Nxc1 40.
Qxh4 Qa4 41. Qxh5+ Kg7 42. Rg2+ 1-0

[Event "International chess holiday M21"]
[Site "Praha"]
[Date "2013.07.21"]
[Round "1"]
[White "Dalling, Peter"]
[Black "Nilsson, Anders"]
[Result "1-0"]
[ECO "B15"]
[WhiteElo "1941"]
[BlackElo "2192"]
[Annotator "Koller,Martin"]
[PlyCount "93"]
[TimeControl "240+2"]

1. Nc3 g6 2. e4 c6 3. d4 d5 4. Be2 dxe4 5. Nxe4 Bg7 6. Nf3 Nf6 7. Nxf6+
exf6 8. c3 O-O 9. O-O Be6 10. Be3 Nd7 11. Qd2 Re8 12. Rfe1 a5 13. a4 Nb6 14.
Bf4 Bb3 15. Bd1 Bxd1 16. Qxd1 Nd5 17. Qd2 Bf8 18. Rxe8 Qxe8 19. Re1 Qd8 20. h4
h5 21. Re2 Qb6 22. Bg3 Qb3 23. Qc2 Qc4 24. Ne1 Bh6 25. Nd3 b6 26. Bd6 Kg7 27.
g3 Rd8 28. Ba3 Rc8 29. f4 Kh7 30. Nf2 f5 31. Nd3 Bg7 32. Ne5 Bxe5 33. fxe5 Re8
34. Qd1 Nf6 35. Re3 Ng4 36. Rf3 Qd5 37. Qd3 Kg7 38. c4 Qd7 39. b3 f6 40. exf6+
Nxf6 41. Bb2 Re1+ 42. Kg2 Qe7 43. d5 cxd5 44. cxd5 Qe2+ 45. Qxe2 Rxe2+ 46. Rf2
Rxf2+ 47. Kxf2 1-0

[Event "International chess holiday M21"]
[Site "Praha"]
[Date "2013.07.21"]
[Round "1"]
[White "Heissenberger, Andreas"]
[Black "Herejk, Petr"]
[Result "1/2-1/2"]
[ECO "B56"]
[WhiteElo "2021"]
[BlackElo "2205"]
[Annotator "Koller,Martin"]
[PlyCount "32"]
[TimeControl "240+2"]

1. e4 c5 2. Nf3 d6 3. d4 cxd4 4. Nxd4 Nf6 5. Nc3 Nc6 6. Be3 Ng4 7. Nxc6
bxc6 8. Bg5 h6 9. Bh4 g5 10. Bg3 Bg7 11. Bc4 Qa5 12. O-O O-O 13. Qd2 Ne5 14.
Bb3 Ba6 15. Rfe1 Nc4 16. Bxc4 Bxc4 neèitelné 1/2-1/2

[Event "International chess holiday M21"]
[Site "Praha"]
[Date "2013.07.21"]
[Round "2"]
[White "Herejk, Petr"]
[Black "Knoflíèek, Ctibor"]
[Result "1/2-1/2"]
[ECO "B99"]
[WhiteElo "2205"]
[BlackElo "2170"]
[Annotator "Koller,Martin"]
[PlyCount "34"]
[TimeControl "240+2"]

1. e4 c5 2. Nf3 d6 3. d4 cxd4 4. Nxd4 Nf6 5. Nc3 a6 6. Bg5 e6 7. f4 Be7
8. Qf3 h6 9. Bh4 Nbd7 10. O-O-O Qc7 11. Bd3 g5 12. fxg5 Ne5 13. Qe2 Nfg4 14.
Kb1 hxg5 15. Bg3 Bd7 16. h3 Nf6 17. Nf3 Nh5 1/2-1/2

[Event "International chess holiday M21"]
[Site "Praha"]
[Date "2013.07.21"]
[Round "2"]
[White "Gregor, Jiøí"]
[Black "Michálek, František"]
[Result "1/2-1/2"]
[ECO "D15"]
[WhiteElo "2277"]
[BlackElo "2072"]
[Annotator "Koller,Martin"]
[PlyCount "57"]
[TimeControl "240+2"]

1. d4 d5 2. c4 c6 3. Nc3 Nf6 4. Nf3 Bf5 5. Qb3 Qb6 6. Qxb6 axb6 7. cxd5
Nxd5 8. Nxd5 cxd5 9. e3 Nc6 10. Bd2 e6 11. Bb5 Bd6 12. O-O O-O 13. Bc3 h6 14.
a3 Rfc8 15. Rac1 Rc7 16. Nd2 Rac8 17. Ra1 f6 18. f4 Bg6 19. g4 Be8 20. Bd3 e5
21. Rf2 e4 22. Be2 Na7 23. Bd1 Nb5 24. Nb1 Bf7 25. Ba4 Na7 26. Nd2 Nc6 27. h4
Ne7 28. f5 Bg3 29. h5 1/2-1/2

[Event "International chess holiday M21"]
[Site "Praha"]
[Date "2013.07.21"]
[Round "2"]
[White "Nilsson, Patrik"]
[Black "Bílek, Roman"]
[Result "1-0"]
[ECO "B90"]
[WhiteElo "2075"]
[BlackElo "1958"]
[Annotator "Koller,Martin"]
[PlyCount "53"]
[TimeControl "240+2"]

1. e4 c5 2. Nf3 d6 3. d4 cxd4 4. Nxd4 Nf6 5. Nc3 a6 6. Be3 e5 7. Nb3
Be6 8. f3 Be7 9. Qd2 Nbd7 10. O-O-O b5 11. g4 Nb6 12. g5 Nh5 13. Nd5 Bxd5 14.
exd5 Rc8 15. h4 Ng3 16. Bxb6 Qxb6 17. Rg1 Nxf1 18. Rdxf1 O-O 19. Na5 b4 20. Nc6
Rfe8 21. f4 Bf8 22. f5 a5 23. f6 Qc5 24. h5 e4 25. g6 gxf6 26. gxf7+ Kxf7 27.
Rxf6+ 1-0

[Event "International chess holiday M21"]
[Site "Praha"]
[Date "2013.07.21"]
[Round "2"]
[White "Nilsson, Anders"]
[Black "Heissenberger, Andreas"]
[Result "1-0"]
[ECO "A57"]
[WhiteElo "2192"]
[BlackElo "2021"]
[Annotator "Koller,Martin"]
[PlyCount "78"]
[TimeControl "240+2"]

1. d4 Nf6 2. c4 c5 3. d5 b5 4. a4 bxc4 5. Nc3 d6 6. e4 Ba6 7. f4 Qc7 8.
Nf3 Nfd7 9. Be2 g6 10. O-O Bg7 11. Ra3 O-O 12. f5 Ne5 13. Nxe5 Bxe5 14. Bh6 Bg7
15. Bxg7 Kxg7 16. e5 Nd7 17. e6 fxe6 18. dxe6 Nf6 19. Qd2 Rad8 20. Nd5 Nxd5 21.
Qxd5 Qb7 22. Qd2 Qe4 23. Rf4 Qb1+ 24. Rf1 Qe4 25. Qg5 Qd4+ 26. Kh1 Qf6 27. Qg4
Kh8 28. Raf3 Bb7 29. Rg3 Bd5 30. Bxc4 Bxc4 31. Qxc4 gxf5 32. Rgf3 Qxb2 33. Rxf5
Rxf5 34. Rxf5 Rg8 35. Qf1 h6 36. Rf7 Rg7 37. Rf8+ Kh7 38. Qf5+ Rg6 39. Rf7+ Kh8
1-0

[Event "International chess holiday M21"]
[Site "Praha"]
[Date "2013.07.21"]
[Round "2"]
[White "Janáèek, Jaroslav"]
[Black "Dalling, Peter"]
[Result "1-0"]
[ECO "C42"]
[WhiteElo "2042"]
[BlackElo "1941"]
[Annotator "Koller,Martin"]
[PlyCount "103"]
[TimeControl "240+2"]

1. e4 e5 2. Nf3 Nf6 3. Nxe5 Nc6 4. Nf3 Nxe4 5. Nc3 d5 6. Bb5 Nf6 7. O-O
Be7 8. Ne5 Bd7 9. Nxd7 Qxd7 10. d4 O-O 11. Re1 a6 12. Bf1 Rfe8 13. g3 h6 14.
Bg2 Qf5 15. Bf4 Rac8 16. a3 Nb8 17. Re5 Qg6 18. Nxd5 Nxd5 19. Bxd5 c6 20. Bb3
Nd7 21. Re1 Nf6 22. Qf3 Nd5 23. Be5 Bf6 24. Bxd5 cxd5 25. Bxf6 gxf6 26. c3 Re4
27. Rxe4 dxe4 28. Qf4 f5 29. Re1 b5 30. Re3 Re8 31. Kg2 Kg7 32. h3 h5 33. Kf1
Rh8 34. Qe5+ Kh7 35. f3 f6 36. Qe7+ Kh6 37. Kf2 Rg8 38. Qd6 Kh7 39. fxe4 fxe4
40. Qe7+ Rg7 41. Qxe4 f5 42. Qf4 Rf7 43. d5 a5 44. Re6 Qg7 45. d6 b4 46. axb4
axb4 47. Qxb4 f4 48. Qe4+ Kg8 49. Re8+ Rf8 50. Qe6+ Kh7 51. Re7 fxg3+ 52. Kg1
1-0

[Event "International chess holiday M21"]
[Site "Praha"]
[Date "2013.07.22"]
[Round "3"]
[White "Knoflíèek, Ctibor"]
[Black "Nilsson, Anders"]
[Result "1/2-1/2"]
[ECO "A30"]
[WhiteElo "2170"]
[BlackElo "2192"]
[Annotator "Koller,Martin"]
[PlyCount "37"]
[TimeControl "240+2"]

1. Nf3 Nf6 2. c4 c5 3. g3 b6 4. Bg2 Bb7 5. O-O e6 6. Nc3 Be7 7. Re1 O-O
8. e4 d6 9. d4 cxd4 10. Nxd4 Qc8 11. Be3 a6 12. Rc1 Nbd7 13. f4 Re8 14. g4 Nc5
15. Bf2 Rd8 16. g5 Ne8 17. Qe2 Ra7 18. b4 Nd7 19. Bh3 1/2-1/2

[Event "International chess holiday M21"]
[Site "Praha"]
[Date "2013.07.22"]
[Round "3"]
[White "Dalling, Peter"]
[Black "Nilsson, Patrik"]
[Result "0-1"]
[ECO "C11"]
[WhiteElo "1941"]
[BlackElo "2075"]
[Annotator "Koller,Martin"]
[PlyCount "72"]
[TimeControl "240+2"]

1. Nc3 d5 2. e4 e6 3. Nf3 Nf6 4. e5 Nfd7 5. d4 c5 6. Be3 Nc6 7. Be2 Qb6
8. Na4 Qa5+ 9. c3 cxd4 10. Bxd4 b5 11. Nc5 Bxc5 12. Bxc5 Nxc5 13. b4 Nxb4 14.
cxb4 Qxb4+ 15. Nd2 Ne4 16. a4 Nc3 17. Bxb5+ Nxb5 18. axb5 Qxb5 19. Rb1 Qa6 20.
h4 O-O 21. Rh3 f6 22. Nf3 Bd7 23. h5 Bb5 24. Ra1 Qb6 25. Qd2 fxe5 26. Nxe5 Rf5
27. Nf3 Rc8 28. g4 Rff8 29. Ne5 Rc7 30. h6 g6 31. Re3 Qc5 32. Nf3 Qc4 33. Nh2
Rcf7 34. Qb2 d4 35. Rc1 Qd5 36. Rh3 Qh1+ 0-1

[Event "International chess holiday M21"]
[Site "Praha"]
[Date "2013.07.22"]
[Round "3"]
[White "Michálek, František"]
[Black "Herejk, Petr"]
[Result "1/2-1/2"]
[ECO "B57"]
[WhiteElo "2072"]
[BlackElo "2205"]
[Annotator "Koller,Martin"]
[PlyCount "72"]
[TimeControl "240+2"]

1. e4 c5 2. Nf3 d6 3. d4 cxd4 4. Nxd4 Nf6 5. Nc3 Nc6 6. Bc4 Qb6 7. Nb3
a6 8. O-O g6 9. Bg5 Be6 10. Nd5 Bxd5 11. exd5 Ne5 12. Be2 Bg7 13. Be3 Qc7 14.
Bd4 Nc4 15. Qd3 Rc8 16. Bg4 Rb8 17. Be2 Nb6 18. c4 O-O 19. Rac1 Rbc8 20. h3 Bh6
21. Be3 Bxe3 22. Qxe3 Na4 23. Qd4 Qb6 24. Qxb6 Nxb6 25. Nd2 Rc7 26. b3 Rfc8 27.
Rce1 Nbd7 28. Nf3 Kf8 29. Nd4 Nc5 30. Bf3 Re8 31. Re3 Ncd7 32. g3 Rc5 33. a4
Ne5 34. Be2 Rc7 35. f4 Ned7 36. Bf3 Nc5 1/2-1/2

[Event "International chess holiday M21"]
[Site "Praha"]
[Date "2013.07.22"]
[Round "3"]
[White "Bílek, Roman"]
[Black "Gregor, Jiøí"]
[Result "0-1"]
[ECO "B14"]
[WhiteElo "1958"]
[BlackElo "2277"]
[Annotator "Koller,Martin"]
[PlyCount "112"]
[TimeControl "240+2"]

1. e4 c6 2. d4 d5 3. exd5 cxd5 4. c4 Nf6 5. Nc3 g6 6. Qb3 Bg7 7. cxd5
O-O 8. Nf3 Na6 9. Bc4 Nc7 10. O-O Nfe8 11. Re1 Nd6 12. Bd3 Rb8 13. a4 Bf5 14.
Bxf5 Nxf5 15. Bf4 Nd6 16. h3 Re8 17. Rac1 Qd7 18. Ne4 Rec8 19. Nxd6 exd6 20.
Qb4 Bf8 21. Qa5 a6 22. Bg3 b6 23. Qb4 Nxd5 24. Qb3 Qb7 25. Qa3 Rd8 26. Qb3 b5
27. axb5 Qxb5 28. Qxb5 Rxb5 29. Rc6 Nb4 30. Rc7 h6 31. Rec1 Rbb8 32. Ra7 Rdc8
33. Rxc8 Rxc8 34. Rb7 Nd5 35. b4 f5 36. b5 a5 37. Kf1 f4 38. Bh2 g5 39. Ra7
Rc1+ 40. Ke2 Ra1 41. Kd3 Ra2 42. Bg1 a4 43. Kc4 Nb6+ 44. Kb4 d5+ 45. Ka5 Nc4+
46. Ka6 Rb2 47. Kb7 Rxb5+ 48. Kc6 Ra5 49. Rxa5 Nxa5+ 50. Kxd5 a3 51. Ne1 Kf7
52. f3 Bb4 53. Nc2 a2 54. Bf2 Bc3 55. h4 Kf6 56. hxg5+ hxg5 0-1

[Event "International chess holiday M21"]
[Site "Praha"]
[Date "2013.07.22"]
[Round "3"]
[White "Heissenberger, Andreas"]
[Black "Janáèek, Jaroslav"]
[Result "0-1"]
[ECO "B32"]
[WhiteElo "2021"]
[BlackElo "2042"]
[Annotator "Koller,Martin"]
[PlyCount "70"]
[TimeControl "240+2"]

1. e4 c5 2. Nf3 Nc6 3. d4 cxd4 4. Nxd4 e5 5. Nb5 d6 6. N1c3 a6 7. Na3
Be7 8. Nd5 Be6 9. c4 h6 10. Bd3 Bg5 11. Bxg5 hxg5 12. Qd2 Nd4 13. Nc2 Nxc2+ 14.
Bxc2 Rc8 15. Ba4+ Kf8 16. Bb3 Rh4 17. f3 g4 18. g3 gxf3 19. gxh4 Qxh4+ 20. Kd1
Qxe4 21. Bc2 Qh4 22. Ne3 Ne7 23. Qxd6 Bxc4 24. Nxc4 Qxc4 25. Qd3 Qc7 26. Qb3 f5
27. Rc1 e4 28. Qe3 Rd8+ 29. Ke1 Qe5 30. Qb6 Nc6 31. Bd1 Qf4 32. Qc5+ Kg8 33.
Bb3+ Kh7 34. Rd1 Nd4 35. Rxd4 Qe3+ 0-1

[Event "International chess holiday M21"]
[Site "Praha"]
[Date "2013.07.23"]
[Round "4"]
[White "Bílek, Roman"]
[Black "Dalling, Peter"]
[Result "1-0"]
[ECO "C45"]
[WhiteElo "1958"]
[BlackElo "1941"]
[Annotator "Koller,Martin"]
[PlyCount "29"]
[TimeControl "240+2"]

1. e4 e5 2. Nf3 Nc6 3. d4 exd4 4. Nxd4 Bc5 5. Be3 Nxd4 6. Bxd4 Bxd4 7.
Qxd4 Qg5 8. Nc3 c6 9. g3 Ne7 10. f4 Qg6 11. O-O-O O-O 12. Bd3 f5 13. Qc5 Qf6
14. e5 Qe6 15. Bc4 1-0

[Event "International chess holiday M21"]
[Site "Praha"]
[Date "2013.07.23"]
[Round "4"]
[White "Janáèek, Jaroslav"]
[Black "Knoflíèek, Ctibor"]
[Result "1/2-1/2"]
[ECO "B22"]
[WhiteElo "2042"]
[BlackElo "2170"]
[Annotator "Koller,Martin"]
[PlyCount "47"]
[TimeControl "240+2"]

1. e4 c5 2. c3 d5 3. exd5 Qxd5 4. d4 Nc6 5. Nf3 Bg4 6. dxc5 Qxd1+ 7.
Kxd1 e5 8. b4 a5 9. Bb5 Nge7 10. Kc2 Bxf3 11. gxf3 axb4 12. cxb4 O-O-O 13. Bxc6
Nxc6 14. Kc3 b6 15. Be3 f5 16. b5 f4 17. bxc6 fxe3 18. cxb6 Bc5 19. b7+ Kc7 20.
Kc4 Kxc6 21. fxe3 Bxe3 22. Nc3 Rd4+ 23. Kb3 Rb8 24. a4 1/2-1/2

[Event "International chess holiday M21"]
[Site "Praha"]
[Date "2013.07.23"]
[Round "4"]
[White "Nilsson, Anders"]
[Black "Michálek, František"]
[Result "1-0"]
[ECO "D27"]
[WhiteElo "2192"]
[BlackElo "2063"]
[Annotator "Koller,Martin"]
[PlyCount "65"]
[TimeControl "240+2"]

1. d4 d5 2. c4 dxc4 3. e3 Nf6 4. Bxc4 e6 5. Nf3 a6 6. a4 c5 7. O-O Nc6
8. Nc3 Be7 9. Qe2 O-O 10. Rd1 Qc7 11. Bd2 b6 12. Rac1 Bb7 13. d5 exd5 14. Nxd5
Nxd5 15. Bxd5 Bf6 16. b4 Rad8 17. Ba2 Ne5 18. Ne1 Qc6 19. f4 Ng6 20. bxc5 Qxa4
21. Bb1 bxc5 22. Rxc5 Nxf4 23. Qg4 Qa3 24. Ra5 Qb2 25. Ra2 Rxd2 26. Rxb2 Rxb2
27. Qxf4 Rb5 28. Nf3 Bxf3 29. Qxf3 a5 30. Bd3 Re5 31. Rf1 Bg5 32. e4 Be7 33.
Bc4 1-0

[Event "International chess holiday M21"]
[Site "Praha"]
[Date "2013.07.23"]
[Round "4"]
[White "Nilsson, Patrik"]
[Black "Heissenberger, Andreas"]
[Result "1-0"]
[ECO "B90"]
[WhiteElo "2075"]
[BlackElo "2021"]
[Annotator "Koller,Martin"]
[PlyCount "57"]
[TimeControl "240+2"]

1. e4 c5 2. Nf3 d6 3. d4 cxd4 4. Nxd4 Nf6 5. Nc3 a6 6. Be3 e5 7. Nb3
Be7 8. f3 Be6 9. Qd2 O-O 10. O-O-O a5 11. Bb5 Na6 12. g4 Nc7 13. g5 Nxb5 14.
Nxb5 a4 15. gxf6 axb3 16. cxb3 Bxf6 17. Kb1 d5 18. exd5 Bf5+ 19. Ka1 Ra5 20.
Qb4 Qa8 21. a4 Rxb5 22. Qxb5 Rd8 23. d6 Bd7 24. Qb4 b5 25. a5 Qxf3 26. Bb6 Ra8
27. Qc3 Qg2 28. Rhg1 Qxh2 29. Qf3 1-0